Map: Terraform LE (Void)

Players

lIlIlIlIlIlI (Neeb) - Winner!

  • Race: Protoss Protoss
  • League: Master

AcerBly (Bly)

  • Race: Zerg Zerg
  • League: Diamond

Event: Team Gravity's Fight Night #36

VOD

https://www.youtube.com/watch?v=843jdf6c29Q

Description

Time

  • Played on: Oct. 25, 2015, 5:43 p.m.
  • Length: 27:09

All games in this series

Show
View Real Time Build Order
Export as new Build Order

lIlIlIlIlIlI Protoss - Winner!

Build Orders: 1 Gate Expand, Oracle Opening 

Get SALT Encoding   

  12  0:01  Probe (Chrono Boost)  
  13  0:11  Probe (Chrono Boost)  
  14  0:19  Pylon  
  14  0:22  Probe (Chrono Boost)  
  15  0:38  Probe (Chrono Boost)  
  15  0:40  Gateway  
  16  0:48  Probe (Chrono Boost)  
  17  0:59  Probe (Chrono Boost)  
  18  1:09  Probe (Chrono Boost)  
  19  1:16  Nexus  
  19  1:20  Probe (Chrono Boost)  
  20  1:28  Cybernetics Core  
  20  1:33  Assimilator  
  20  1:39  Probe (Chrono Boost)  
  21  1:41  Assimilator  
  21  1:48  Pylon  
  21  1:50  Probe (Chrono Boost)  
  22  2:00  Probe (Chrono Boost)  
  23  2:07  Adept (Chrono Boost)  
  25  2:11  Probe  
  26  2:22  Warp Gate  
  26  2:23  Probe (Chrono Boost)  
  26  2:28  Probe (Chrono Boost), Pylon  
  28  2:32  Stalker  
  28  2:35  Probe (Chrono Boost)  
  31  2:39  Probe (Chrono Boost)  
  32  2:46  Probe (Chrono Boost)  
  32  2:50  Probe (Chrono Boost)  
  34  2:56  Probe (Chrono Boost)  
  35  3:00  Probe (Chrono Boost)  
  35  3:02  Stargate  
  36  3:07  Probe (Chrono Boost)  
  36  3:11  Probe (Chrono Boost)  
  38  3:17  Probe (Chrono Boost)  
  39  3:22  Probe (Chrono Boost), Gateway  
  39  3:24  Gateway  
  40  3:28  Probe (Chrono Boost)  
  40  3:32  Probe (Chrono Boost)  
  42  3:35  Assimilator  
  42  3:36  Assimilator  
  42  3:38  Probe (Chrono Boost)  
  43  3:42  Probe (Chrono Boost)  
  43  3:46  Oracle (Chrono Boost)  
  47  3:49  Probe  
  47  3:51  Probe  
  47  3:53  Pylon  
  47  4:01  Mothership Core  
  49  4:03  Probe  
  49  4:05  Pylon  
  50  4:14  Probe  
  51  4:17  Oracle (Chrono Boost)  
  51  4:20  Pylon  
  51  4:23  Probe  
  55  4:26  Probe  
  55  4:29  Sentry x2  
  60  4:33  Nexus  
  60  4:35  Sentry, Probe, Pylon  
  60  4:36  Probe  
  64  4:41  Forge  
  64  4:47  Probe x2  
  70  4:53  Void Ray (Chrono Boost)  
  70  4:56  Sentry  
  70  4:57  Probe  
  70  4:59  Probe  
  74  5:08  Probe, Protoss Ground Weapons Level 1  
  74  5:09  Pylon  
  74  5:11  Probe  
  74  5:12  Pylon  
  76  5:19  Probe  
  77  5:23  Probe  
  78  5:29  Probe  
  78  5:35  Probe  
  80  5:39  Photon Cannon  
  80  5:40  Probe  
  80  5:42  Robotics Facility  
  81  5:43  Twilight Council  
  81  5:46  Assimilator  
  81  5:47  Probe  
  81  5:48  Assimilator  
  81  5:49  Stalker x2, Adept  
  88  5:50  Probe  
  88  5:52  Probe  
  88  5:57  Pylon  
  90  5:59  Probe  
  90  6:01  Probe  
  90  6:03  Probe  
  92  6:11  Probe x2, Blink (Chrono Boost)  
  93  6:13  Probe  
  93  6:16  Robotics Facility  
  96  6:23  Probe  
  96  6:24  Probe  
  98  6:25  Probe  
  98  6:30  Observer (Chrono Boost)  
  100  6:32  Robotics Bay  
  100  6:35  Probe  
  100  6:36  Probe, Gateway  
  100  6:38  Gateway  
  103  6:41  Gateway  
  103  6:47  Gateway  
  103  6:49  Gateway  
  103  6:51  Observer (Chrono Boost), Pylon  
  103  6:56  Pylon  
  103  7:03  Stalker x3  
  109  7:11  Protoss Ground Weapons Level 2  
  109  7:17  Photon Cannon  
  109  7:19  Disruptor x2 (Chrono Boost), Photon Cannon  
  115  7:23  Photon Cannon  
  115  7:27  Pylon x3  
  115  7:29  Pylon  
  115  7:42  Stalker x5  
  125  7:47  Stalker x2  
  125  7:51  Disruptor x2 (Chrono Boost)  
  135  7:54  Stalker  
  137  8:12  Stalker x3  
  143  8:22  Disruptor x2 (Chrono Boost)  
  143  8:25  Templar Archives  
  147  8:40  Charge  
  147  8:42  Adept x3  
  147  8:43  Adept x5  
  147  8:48  Nexus  
  163  8:49  Pylon  
  163  8:52  Pylon  
  163  8:53  Warp Prism (Chrono Boost)  
  165  9:04  Disruptor (Chrono Boost)  
  165  9:05  Stalker x2  
  172  9:11  Pylon  
  172  9:12  Pylon  
  172  9:13  Pylon, Photon Cannon  
  172  9:29  Disruptor (Chrono Boost)  
  172  9:32  Stalker  
  172  9:33  Stalker x5  
  168  9:40  Probe x2  
  170  9:51  Protoss Ground Weapons Level 3  
  170  9:57  Assimilator  
  170  9:58  Photon Cannon  
  170  9:59  Photon Cannon  
  170  10:00  Photon Cannon, Assimilator  
  170  10:03  Photon Cannon  
  170  10:05  High Templar x2  
  174  10:09  Archon  
  174  10:35  Immortal x2 (Chrono Boost)  
  168  11:01  High Templar x2  
  172  11:07  Zealot x4  
  172  11:08  Zealot x2  
  172  11:09  Immortal x2 (Chrono Boost)  
  192  11:24  Dark Shrine  
  191  11:27  Photon Cannon  
  191  11:28  High Templar x3, Photon Cannon x3  
  191  11:29  Photon Cannon, High Templar  
  191  11:30  Nexus  
  191  11:31  Pylon  
  187  11:43  Immortal (Chrono Boost)  
  187  11:44  Immortal (Chrono Boost)  
  195  12:00  Photon Cannon  
  195  12:01  Photon Cannon  
  195  12:02  Photon Cannon x2  
  195  12:04  Photon Cannon  
  195  12:05  Photon Cannon, Archon  
  195  12:06  Gateway, Photon Cannon  
  195  12:07  Photon Cannon x2  
  195  12:08  Gateway  
  195  12:10  Gateway, Photon Cannon  
  195  12:12  Assimilator  
  195  12:13  Gateway  
  195  12:15  Assimilator  
  195  12:20  High Templar x2  
  199  12:37  Protoss Shields Level 1  
  189  12:49  Stalker x4  
  185  13:13  Immortal x2 (Chrono Boost)  
  185  13:14  High Templar x5  
  185  13:15  High Templar x3  
  188  13:31  Psionic Storm  
  164  13:40  Archon x5  
  164  13:47  Immortal x2 (Chrono Boost)  
  169  13:56  Adept x4  
  169  13:57  Adept  
  169  13:58  Probe  
  169  13:59  Probe  
  169  14:00  Probe x2  
  169  14:02  Probe  
  168  14:08  High Templar x4  
  168  14:09  High Templar  
  178  14:10  Probe  
  178  14:11  Probe  
  180  14:33  Fleet Beacon  
  180  14:35  Dark Templar x3  
  180  14:36  Dark Templar, Zealot x3, Stargate  
  193  14:39  Nexus  
  178  14:48  Dark Templar x4  
  178  14:49  Zealot x6  
  178  14:50  Zealot  
  179  15:16  Probe x2  
  179  15:17  Probe x2  
  179  15:18  Probe  
  188  15:21  Protoss Shields Level 2  
  174  15:37  High Templar  
  174  15:38  High Templar x3  
  182  15:53  Assimilator x2  
  182  15:54  Immortal (Chrono Boost)  
  184  15:59  Pylon  
  184  16:08  High Templar x3  
  184  16:10  High Templar  
  192  16:12  Assimilator  
  192  16:13  Archon  
  192  16:14  Archon  
  174  16:40  Dark Templar x4  
  174  16:46  Probe  
  181  16:47  Probe x2  
  181  16:48  Probe  
  181  16:49  Oracle  
  185  17:11  Archon x2  
  185  17:13  Photon Cannon  
  185  17:16  Photon Cannon  
  185  17:17  Oracle  
  185  17:18  Photon Cannon  
  185  17:20  Photon Cannon  
  188  17:31  High Templar x2  
  188  17:35  Archon  
  188  17:36  Probe x2  
  192  17:37  Probe x2  
  192  17:38  Probe  
  167  18:16  High Templar x4  
  175  18:24  Probe  
  175  18:26  Probe x3  
  179  18:30  Nexus  
  173  18:49  Dark Templar  
  173  18:50  Dark Templar  
  174  18:56  Probe x2  
  172  19:13  Dark Templar  
  170  19:18  Assimilator  
  170  19:28  Archon  
  170  19:30  Tempest  
  174  19:47  Tempest  
  176  20:08  Probe  
  176  20:09  Probe  
  176  20:10  Probe  
  176  20:11  Probe  
  176  20:13  Probe  
  181  20:14  Tempest  
  185  20:24  Protoss Air Weapons Level 1  
  185  20:28  Assimilator  
  185  20:30  Photon Cannon  
  185  20:32  Photon Cannon  
  185  20:34  Photon Cannon  
  185  20:36  Photon Cannon  
  185  20:38  Photon Cannon  
  185  20:40  Photon Cannon  
  183  20:48  Tempest  
  188  21:19  Dark Templar  
  190  21:27  Protoss Shields Level 3  
  190  21:30  Tempest  
  194  21:36  Dark Templar  
  192  21:40  Dark Templar  
  192  21:41  Dark Templar  
  189  22:11  Tempest  
  189  22:13  Tempest  
  182  22:54  Tempest  
  182  22:56  Tempest  
  190  22:58  Nexus  
  190  23:00  Archon  
  190  23:02  Pylon  
  190  23:05  Protoss Air Weapons Level 2, Photon Cannon  
  190  23:06  Photon Cannon  
  190  23:08  Photon Cannon  
  190  23:10  Photon Cannon  
  186  23:37  Tempest  
  190  23:49  Dark Templar  
  190  23:50  Zealot x2  
  190  23:51  Zealot  
  190  23:52  Zealot  
  190  23:55  Archon  
  200  23:56  Assimilator  
  200  24:00  Nexus  
  200  24:01  Pylon  
  198  24:09  Pylon  
  198  24:46  Photon Cannon  
  198  24:47  Photon Cannon  
  198  24:49  Photon Cannon  
  198  24:50  Photon Cannon  
  198  24:52  Photon Cannon  
  198  24:54  Protoss Ground Armor Level 1, Photon Cannon  
  198  24:55  Photon Cannon  
  198  24:56  Photon Cannon  
  198  24:58  Photon Cannon  
  198  24:59  Stargate, Photon Cannon  
  198  25:01  Photon Cannon  
  198  25:10  Assimilator  
  195  25:43  Tempest  
  189  26:23  Tempest x2  
  197  26:28  High Templar  
Show
View Real Time Build Order
Export as new Build Order

AcerBly Zerg 

Build Orders: Hatch First, Lurkers 

Get SALT Encoding   

  12  0:01  Drone  
  13  0:13  Overlord  
  13  0:21  Drone  
  14  0:32  Drone  
  14  0:33  Drone  
  16  0:35  Drone  
  17  0:55  Hatchery  
  16  1:00  Drone x2  
  18  1:17  Spawning Pool  
  17  1:19  Drone x2  
  19  1:35  Drone  
  20  1:40  Overlord  
  20  1:54  Hatchery  
  19  2:07  Zergling x2  
  19  2:08  Queen, Zergling x4  
  22  2:13  Queen  
  26  2:17  Drone  
  26  2:20  Drone  
  28  2:25  Drone  
  29  2:33  Drone  
  29  2:34  Drone  
  31  2:42  Overlord  
  31  2:44  Queen  
  33  2:52  Drone x2  
  34  3:01  Drone x2  
  35  3:05  Overlord  
  35  3:09  Extractor x2  
  35  3:10  Queen  
  35  3:11  Drone  
  36  3:15  Drone  
  37  3:21  Drone  
  37  3:22  Drone x4  
  37  3:26  Spore Crawler  
  40  3:28  Drone  
  40  3:33  Overlord  
  38  3:47  Drone x2  
  38  3:48  Drone x4  
  43  3:55  Drone  
  43  3:56  Drone  
  43  4:02  Drone x2  
  47  4:06  Drone  
  47  4:07  Drone x4  
  52  4:11  Drone x3  
  52  4:15  Metabolic Boost  
  55  4:22  Spore Crawler  
  55  4:24  Drone x2, Spore Crawler  
  56  4:25  Drone  
  56  4:31  Drone  
  56  4:33  Drone x3  
  56  4:36  Drone x4  
  64  4:42  Lair  
  63  4:50  Overlord  
  63  4:52  Overlord  
  63  4:53  Overlord, Extractor  
  63  4:54  Overlord  
  63  4:55  Extractor  
  61  5:04  Roach Warren  
  60  5:14  Drone  
  60  5:15  Drone x10  
  60  5:18  Overlord  
  68  5:31  Drone x4, Overlord  
  68  5:32  Drone  
  70  5:37  Overlord  
  70  5:44  Hydralisk Den  
  70  5:45  Drone x3  
  70  5:46  Glial Reconstitution  
  72  5:50  Overseer  
  72  5:54  Drone x3  
  72  5:55  Drone x4  
  79  5:59  Extractor  
  79  6:00  Overlord, Extractor  
  79  6:01  Hydralisk Den  
  76  6:04  Evolution Chamber  
  76  6:06  Overlord  
  76  6:08  Evolution Chamber  
  76  6:10  Hatchery  
  73  6:23  Lurker Den, Hydralisk  
  73  6:24  Hydralisk x8  
  92  6:28  Overlord  
  92  6:31  Overlord  
  92  6:36  Zerg Melee Weapons Level 1  
  92  6:47  Zerg Ground Armor Level 1  
  92  6:49  Drone x9  
  92  6:51  Infestation Pit  
  100  7:03  Extractor  
  100  7:06  Extractor  
  97  7:10  Overseer  
  97  7:14  Hydralisk  
  97  7:15  Hydralisk x7  
  113  7:18  Overseer  
  113  7:22  Hatchery  
  112  7:30  Hive  
  112  7:32  Roach x4  
  112  7:33  Zergling x6  
  123  7:40  Spore Crawler  
  122  7:50  Muscular Augments  
  124  8:12  Roach  
  124  8:13  Roach x6  
  124  8:14  Overlord  
  124  8:16  Overlord x5  
  128  8:38  Zerg Melee Weapons Level 2  
  128  8:42  Lurker x4  
  128  8:47  Adrenal Glands, Ultralisk Cavern  
  131  8:49  Zergling x24  
  122  9:24  Zergling x26  
  124  9:30  Hatchery  
  122  9:37  Ultralisk x3  
  122  9:38  Ultralisk  
  132  9:39  Chitinous Plating  
  132  9:41  Viper  
  132  9:43  Viper  
  138  10:08  Ultralisk  
  138  10:09  Ultralisk  
  150  10:22  Overseer x2  
  139  11:00  Extractor  
  139  11:02  Ultralisk x5  
  139  11:03  Overlord  
  168  11:05  Zergling x2  
  168  11:06  Zergling x4  
  162  11:21  Drone x3  
  162  11:22  Drone x3  
  162  11:23  Drone x2  
  166  11:40  Lurker x6  
  166  11:41  Lurker x2  
  174  12:03  Drone x2  
  174  12:04  Drone, Extractor x2  
  175  12:27  Zergling x4  
  175  12:28  Zergling x28  
  175  12:29  Overlord  
  191  12:30  Zerg Ground Armor Level 2  
  191  12:31  Zerg Melee Weapons Level 3  
  191  12:50  Hydralisk  
  191  12:51  Hydralisk x8  
  149  13:23  Ultralisk x3  
  149  13:24  Ultralisk  
  158  13:37  Lurker x6  
  149  14:13  Ultralisk x3  
  149  14:15  Infestor  
  174  14:19  Viper  
  171  14:39  Drone x3  
  171  14:40  Drone x2  
  171  14:41  Drone  
  171  14:42  Drone x3  
  180  14:58  Spore Crawler x3, Queen  
  179  15:04  Overseer  
  179  15:06  Queen  
  175  15:11  Pneumatized Carapace  
  175  15:13  Hydralisk x4  
  176  15:24  Overlord x3  
  176  15:25  Overlord  
  164  15:30  Lurker x3  
  165  15:40  Hydralisk  
  165  15:41  Hydralisk x6  
  179  15:52  Zergling x2  
  179  15:53  Zergling x18  
  189  15:57  Lurker x4  
  193  16:13  Spine Crawler x2  
  193  16:14  Zerg Ground Armor Level 3, Zerg Missile Weapons Level 1  
  193  16:15  Spore Crawler, Viper  
  193  16:16  Viper x2  
  180  17:00  Zergling x12  
  180  17:01  Zergling x26  
  193  17:33  Hydralisk x3  
  142  18:20  Overseer  
  142  18:24  Hydralisk  
  142  18:25  Hydralisk x14  
  169  18:32  Overseer  
  166  18:36  Lurker x3  
  161  18:43  Spore Crawler x3  
  161  18:45  Spore Crawler  
  152  18:54  Spire  
  117  19:17  Lurker x7  
  117  19:21  Viper x2  
  117  19:22  Infestor x2  
  132  19:24  Ultralisk x4  
  132  19:25  Ultralisk  
  132  19:26  Queen x2  
  166  19:33  Drone x3, Spore Crawler  
  166  19:35  Drone x2  
  166  19:36  Drone x2  
  166  19:37  Drone  
  169  19:59  Lurker x2  
  172  20:00  Lurker  
  165  20:30  Overseer  
  165  20:38  Hatchery  
  164  20:44  Ultralisk x2  
  164  20:49  Zergling x34  
  192  20:50  Zergling x4  
  188  21:45  Zerg Flyer Weapons Level 1  
  179  21:47  Hydralisk x7  
  179  22:29  Spore Crawler  
  172  22:30  Spore Crawler  
  172  22:31  Zergling x26  
  172  22:32  Zergling x20  
  194  22:41  Queen x3  
  200  22:50  Overseer  
  199  23:14  Extractor  
  199  23:18  Extractor  
  173  24:05  Spore Crawler  
  173  24:06  Spore Crawler  
  171  24:10  Spore Crawler  
  171  24:11  Hatchery  
  165  24:24  Queen x3  
  170  24:50  Hatchery  
  169  24:59  Corruptor x6  
  168  25:00  Corruptor x4  
  186  25:25  Hatchery  
  174  25:42  Corruptor x2  
  170  25:43  Corruptor  
  166  25:57  Zergling x2  
  166  25:58  Zergling x14  
  118  26:32  Corruptor  

Tags
 
Add a new tag
Caveats
  • Supply blocks, unpowered buildings, or Contaminate may cause inaccurate times.
  • Supply counts are checked every 10 seconds.